 Dungeon Crawl Stone Soup version 0.32-a0-612-g1c984fe9d1 (webtiles) character file.

Game seed: 10386819498404031306

6588 CougarLife the Geomancer (level 11, -3/54 HPs)
             Began as a Gargoyle Earth Elementalist on Mar 5, 2024.
             Was a Follower of Vehumet.
             Killed from afar by an orc wizard (5 damage)
             ... with a magic dart
             ... on level 9 of the Dungeon.
             The game lasted 00:10:48 (9008 turns).

CougarLife the Geomancer (GrEE)                     Turns: 9008, Time: 00:10:49

Health: -3/54      AC: 18    Str: 12    XL:     11   Next: 2%
Magic:  10/24      EV: 11    Int: 20    God:    Vehumet [*.....]
Gold:   557        SH:  0    Dex: 16    Spells: 18/28 levels left

rFire   . . .        v - +7 Throatcutter {drain, coup de grace}
rCold   . . .        (no shield)
rNeg    + . .        D - +0 acid dragon scales
rPois   ∞            m - +0 helmet
rElec   +            (no cloak)
rCorr   +            (no gloves)
SInv    .            B - +2 pair of boots
Will    .....        k - amulet of faith
Stlth   ++           A - +6 ring of dexterity
HPRegen 0.29/turn    C - ring of wizardry
MPRegen 0.19/turn

%: faith, wizardry (x1)
@: no status effects
A: sickness immunity, AC +8, negative energy resistance 1, electricity
resistance, torment resistance 1, petrification resistance
a: Renounce Religion


You were on level 9 of the Dungeon.
You worshipped Vehumet.
Vehumet was aware of your devotion.
You visited 2 branches of the dungeon, and saw 11 of its levels.

You collected 557 gold pieces.

Inventory:

Hand Weapons
 v - the +7 Throatcutter (weapon) {drain, coup de grace}
   (You found it on level 4 of the Dungeon)
Armour
 a - a +0 robe
 m - a +0 helmet (worn)
 B - a +2 pair of boots (worn)
 D - +0 acid dragon scales (worn)
Jewellery
 k - an amulet of faith (around neck)
 o - an amulet of reflection
 A - a +6 ring of dexterity (left hand)
 C - a ring of wizardry (right hand)
Wands
 t - a wand of iceblast (13)
 y - a wand of polymorph (9)
 z - a wand of paralysis (6)
Scrolls
 d - a scroll of butterflies {unknown}
 g - 3 scrolls of immolation
 i - 2 scrolls of amnesia
 j - 4 scrolls of noise
 p - 3 scrolls of enchant weapon
 q - a scroll of revelation {unknown}
 r - 4 scrolls of teleportation
 u - a scroll of fear {unknown}
 x - a scroll of vulnerability {unknown}
Potions
 b - a potion of magic
 c - 3 potions of invisibility
 e - a potion of lignification
 h - 4 potions of enlightenment
 l - a potion of brilliance
 s - a potion of haste {unknown}
 w - a potion of mutation {unknown}
 E - a potion of berserk rage {unknown}
 F - a potion of degeneration {unknown}


   Skills:
 - Level 1.5 Dodging
 - Level 2.1 Stealth
 + Level 9.1 Spellcasting
 + Level 10.3 Conjurations
 + Level 11.8 Earth Magic


You had 18 spell levels left.
You knew the following spells:

 Your Spells              Type           Power      Damage    Failure   Level
a - Sandblast             Erth           100%       2d20      1%          1
b - Stone Arrow           Conj/Erth      100%       3d13      1%          3
c - Bombard               Conj/Erth      26%        9d5       8%          6

Your spell library contained the following spells:

 Spells                   Type           Power      Damage    Failure   Level
 Foxfire                  Conj/Fire      100%       2x1d9     1%          1
 Passwall                 Erth           54%        N/A       1%          3
 Brom's Barrelling Bould  Conj/Erth      52%        2d7       1%          4
 Iskenderun's Battlesphe  Conj           50%        2d10      1%          5
 Mephitic Cloud           Conj/Alch/Air  22%        N/A       3%          3
 Petrify                  Alch/Erth      32%        N/A       4%          4
 Mercury Vapours          Alch/Air       18%        N/A       7%          2
 Gell's Gravitas          Tloc           9%         N/A       14%         3
 Teleport Other           Tloc           9%         N/A       14%         3
 Arcjolt                  Conj/Air       14%        1d24      16%         5
 Freezing Cloud           Conj/Ice/Air   11%        6-21      30%         5
 Vhi's Electric Charge    Tloc/Air       18%        N/A       41%         4
 Spellforged Servitor     Conj/Summ      14%        N/A       98%         7
 Dispersal                Tloc           4%         N/A       99%         6
 Plasma Beam              Fire/Air       4%         2x1d14    99%         6


Dungeon Overview and Level Annotations

Branches:
Dungeon (10/15)            Temple (1/1) D:4            Lair (0/5) D:9
    Orc (0/2) D:9

Altars:
Ashenzari
Cheibriados
Dithmenos
Elyvilon
Fedhas
Gozag
Hepliaklqana
Kikubaaqudgha
Makhleb
Okawaru
Qazlal
Ru
Sif Muna
Trog
Uskayaw
Vehumet
Xom
Zin
The Shining One

Shops:
D:1 [   D:2 :   D:6 ?*   D:7 (=(


Innate Abilities, Weirdness & Mutations

You are immune to sickness and miasma.
Your stone body is resilient. (AC +8)
You are immune to poison.
You resist negative energy. (rN+)
You are resistant to electric shocks. (rElec)
You are resistant to unholy torment.
You are immune to petrification.


Message History

The orc hits you but does no damage. Something hits you.
* * * LOW HITPOINT WARNING * * *
Casting: Stone Arrow (safe; 1% risk of failure)
Confirm with . or Enter, or press ? or * to list all spells.
Aiming: Stone Arrow (safe; 1% risk of failure)
Press: ? - help, Shift-Dir - straight line, f - shadow
Aim: a shadow (78% to hit)
The stone arrow hits the shadow!!
The shadow is almost destroyed.
The orc wizard gestures wildly while chanting.
The orc wizard flickers and vanishes!
The shadow slips into darkness.
The shadow flickers and vanishes!
The orc misses you.
You hear some strange, mumbled words.
Something tries to affect you, but you resist.
Casting: Stone Arrow (safe; 1% risk of failure)
Confirm with . or Enter, or press ? or * to list all spells.
Aiming: Stone Arrow (safe; 1% risk of failure)
Press: ? - help, Shift-Dir - straight line, f - orc
Aim: an orc, wielding a +0 short sword, wearing a +0 ring mail and wearing a ring of positive energy (81% to hit)
The stone arrow hits the orc!
You kill the orc!
Vehumet accepts your kill. Something hits you but does no damage.
The shadow strikes at you from the darkness!
Reactivating autopickup.
Something hits you but does no damage.
Deactivating autopickup; reactivate with Ctrl-A.
Casting: Stone Arrow (safe; 1% risk of failure)
Confirm with . or Enter, or press ? or * to list all spells.
Aiming: Stone Arrow (safe; 1% risk of failure)
Press: ? - help, Shift-Dir - straight line, f - shadow
Aim: a shadow (almost destroyed, 78% to hit)
The stone arrow hits the shadow!!
You destroy the shadow!
Vehumet accepts your kill.
You hear some strange, mumbled words.
A magic dart appears from out of thin air!
The magic dart hits you.
You die...

#.........# ###### # #.........#
#....### #.........# #.......
#####....<....# #...####
..............# ### #...####
.....>........#####.######...##_(
....#'#......................##(*
....#.#.........{)......##...##(#
#####.#.........@.......###...##(
......#..........{.......###.####
......'.......#########'..##(##..
......#.......#............###..(
......#.(.....#...........#####..
......#.......#..........###.###.
.#..###......)###+#.....###...###
....#.............#)>...##..#..##
#.#.#.............#.)....#.......


There were no monsters in sight!

Vanquished Creatures
  A two-headed ogre (D:9)
  3 trolls
  A vampire (D:9)
  A shadow (D:9)
  9 yaks
  Sigmund (D:3)
  A steam dragon (D:8)
  An acid dragon (D:8)
  6 water moccasins
  2 orc warriors
  A sky beast (D:6)
  An ogre (D:5)
  6 centaurs
  3 wolves (D:9)
  3 phantoms
  3 bullfrogs
  3 kobold brigands
  10 wights
  A howler monkey (D:4)
  An electric eel (D:9)
  5 hounds
  2 jellies (D:6)
  2 orc priests
  2 iguanas
  A sleepcap (D:7)
  4 orc wizards
  Robin (D:3)
  2 adders
  A gnoll (D:9)
  2 ribbon worms (D:3)
  19 orcs
  4 endoplasms
  3 giant cockroaches
  14 goblins
  8 hobgoblins
  8 jackals
  3 quokkas
  10 ball pythons
  9 bats
  9 frilled lizards
  27 kobolds
  2 rats
196 creatures vanquished.

Notes
Turn   | Place    | Note
-------+----------+-------------------------------------------
     0 | D:1      | CougarLife the Gargoyle Earth Elementalist began the quest
                  | for the Orb.
     0 | D:1      | Reached XP level 1. HP: 10/10 MP: 3/3
   190 | D:1      | Reached XP level 2. HP: 15/15 MP: 3/5
   341 | D:1      | Reached skill level 4 in Earth Magic
   516 | D:1      | Found Xutuaxza's Antique Armour Shop.
  1088 | D:2      | Reached XP level 3. HP: 19/19 MP: 4/6
  1451 | D:2      | Found Gacot's Book Boutique.
  1712 | D:2      | Found a hazy altar of Hepliaklqana.
  1739 | D:2      | Reached XP level 4. HP: 24/24 MP: 6/8
  1849 | D:2      | Learned a level 3 spell: Stone Arrow
  1894 | D:3      | Noticed Robin
  2041 | D:3      | Killed Robin
  2115 | D:3      | You fall into a shaft and drop 1 floor!
  2465 | D:3      | Noticed Sigmund
  2471 | D:3      | Killed Sigmund
  2472 | D:3      | Reached skill level 5 in Earth Magic
  2472 | D:3      | Reached XP level 5. HP: 28/28 MP: 5/10
  2472 | D:3      | Reached XP level 6. HP: 32/32 MP: 5/11
  2797 | D:4      | Found a staircase to the Ecumenical Temple.
  2889 | Temple   | Entered the Ecumenical Temple
  2973 | D:4      | Found a hide-covered altar of Uskayaw.
  3126 | D:4      | Found a shadowy altar of Dithmenos.
  3133 | D:4      | Found a blossoming altar of Fedhas.
  3188 | D:4      | Reached skill level 6 in Earth Magic
  3286 | D:4      | Found the +7 Throatcutter {drain, coup de grace}
  3386 | D:5      | Entered Level 5 of the Dungeon
  3440 | D:5      | Noticed a water moccasin
  3449 | D:5      | Killed a water moccasin
  3450 | D:5      | Reached XP level 7. HP: 36/36 MP: 8/13
  3753 | D:5      | Noticed a troll
  3759 | D:5      | Killed a troll
  3760 | D:5      | Reached skill level 5 in Spellcasting
  3760 | D:5      | Reached skill level 5 in Conjurations
  3760 | D:5      | Reached skill level 7 in Earth Magic
  3760 | D:5      | Reached XP level 8. HP: 41/41 MP: 1/15
  4841 | D:6      | Found Zin's Purification Station.
  4844 | D:6      | Found a glowing silver altar of Zin.
  5052 | D:6      | Reached skill level 8 in Earth Magic
  5376 | D:6      | Found Icevvual's Magic Scroll Shop.
  5470 | D:6      | Reached XP level 9. HP: 45/45 MP: 14/18
  6019 | D:7      | Reached skill level 9 in Earth Magic
  6095 | D:7      | Found a stormy altar of Qazlal.
  6285 | D:7      | Found Pykhypteops's Weapon Shop.
  6305 | D:7      | Found Zeojetey's Weapon Boutique.
  6466 | D:7      | Found Kuxiwn's Jewellery Shoppe.
  6768 | D:8      | Found a bloodstained altar of Trog.
  6791 | D:8      | Found a hazy altar of Hepliaklqana.
  7009 | D:8      | Reached skill level 10 in Earth Magic
  7258 | D:8      | Reached XP level 10. HP: 34/50 MP: 18/21
  7718 | D:9      | Found a radiant altar of Vehumet.
  7755 | D:9      | Became a worshipper of Vehumet
  7788 | D:9      | Reached skill level 11 in Earth Magic
  8050 | D:9      | Found a staircase to the Lair.
  8344 | D:9      | Found a shimmering altar of Xom.
  8471 | D:9      | Reached skill level 10 in Conjurations
  8531 | D:9      | Found a staircase to the Orcish Mines.
  8694 | D:9      | Found a glowing golden altar of the Shining One.
  8771 | D:9      | Learned a level 6 spell: Bombard
  8786 | D:10     | Entered Level 10 of the Dungeon
  8786 | D:10     | Noticed a two-headed ogre
  8797 | D:9      | Reached * piety under Vehumet
  8797 | D:9      | Offered knowledge of Foxfire by Vehumet.
  8876 | D:9      | Killed a two-headed ogre
  8877 | D:9      | Reached XP level 11. HP: 41/54 MP: 4/24
  9005 | D:9      | HP: 2/54 [shadow (2)]
  9008 | D:9      | Killed from afar by an orc wizard

Illustrated notes

Levels and vault maps discovered:
D:1:      shiori_arrival_elements, layout_loops_ring, serial_shops,
          nicolae_shop_just_a_little_nook
D:2:      layout_loops_ring, basic_altar, serial_shops,
          nicolae_shop_just_a_little_nook, nicolae_elevator_lobby_asterisk
D:3:      layout_rooms, uniq_sigmund, uniq_robin
D:4:      layout_basic, mainiacjoe_overflow_24_doors,
          mainiacjoe_overflow_catch_the_wave, minmay_temple_entry_proselytizer,
          dilly_guarded_unrand_throatcut
D:5:      layout_loops_corners
D:6:      layout_cave_pods, zin_purify, serial_shops, nicolae_take_the_stairs
D:7:      layout_rooms, mainiacjoe_overflow_small_starburst, serial_shops,
          shop_coins, nicolae_shop_behind_doors, shop
D:8:      layout_basic, nicolae_hepliaklqana_hazy_memory,
          mainiacjoe_overflow_tiny_flanked
D:9:      layout_irregular_city, regret_index_xom_buried_treasure,
          nicolae_vehumet_radiance, tso_oasis_becter, erik_lair_island
D:10:     layout_loops_ring, pdpol_wu_jian_five_deadly_venoms,
          nemelex_spade_bored_becter, general_overflow_altar, enter_bailey_5
Temple:   hellmonk_temple_beads

Skill      XL: |  1  2  3  4  5  6  7  8  9 10 |
---------------+-------------------------------+-----
Earth Magic    | 4 5 6 7 8 10 11 | 11.8
Conjurations   | 2 3 4 5 7 8 10 | 10.3
Spellcasting   | 3 4 5 6 7 9 |  9.1
Dodging        | |  1.5
Stealth        | |  2.1

Action                     |  1- 3 |  4- 6 |  7- 9 | 10-12 || total
---------------------------+-------+-------+-------+-------++-------
  Melee: Unarmed           |    32 |       |       |       ||    32
         Dagger            |     4 |    12 |       |       ||    16
         Long sword        |       |     1 |    28 |     9 ||    38
   Cast: Sandblast         |    55 |    74 |   102 |    47 ||   278
         Stone Arrow       |       |     1 |    33 |    21 ||    55
         Bombard           |       |       |       |     4 ||     4
    Use: Scroll            |       |       |       |     7 ||     7
         Potion            |       |       |       |     3 ||     3
 Armour: Robe              |    52 |    53 |    87 |       ||   192
         Acid dragon scale |       |       |     1 |    64 ||    65
         Skin              |       |       |       |     8 ||     8
  Dodge: Dodged            |    48 |    57 |    70 |    48 ||   223

Table legend: (Time is in decaauts)
 A = Elapsed time spent in this place.
 B = Non-inter-level travel time spent in this place.
 C = Inter-level travel time spent in this place.
 D = Time resting spent in this place.
 E = Time spent auto-exploring this place.
 F = Levels seen in this place.
 G = Mean time per level.
                   A        B        C        D        E       F      G
               +--------+--------+--------+--------+--------+-----+--------+
         Total |   9164 |   8876 |    288 |   1604 |   5962 |  11 |  833.1 |
       Dungeon |   9162 |   8874 |    288 |   1604 |   5962 |  10 |  916.2 |
        Temple |      1 |      1 |      0 |      0 |      0 |   1 |    1.0 |
               +--------+--------+--------+--------+--------+-----+--------+

Top non-repeatable levels by time:
     D:5: 1327 daAuts
     D:9: 1311 daAuts
     D:8: 1208 daAuts
     D:6: 1127 daAuts
     D:2: 1042 daAuts
     D:1: 928 daAuts
     D:4: 750 daAuts
     D:3: 729 daAuts
     D:7: 717 daAuts
    D:10: 20 daAuts
  Temple: 1 daAuts
